 Dungeon Crawl Stone Soup version 0.18.1-48-g4cf74bf (webtiles) character file.

5306 Peloso the Blocker (level 10, -2/88 HPs)
             Began as a Minotaur Fighter on Sept 7, 2016.
             Was a Believer of Okawaru.
             Killed by the air
             ... invoked by Gastronok
              (25 damage)
             ... on level 8 of the Dungeon.
             The game lasted 00:17:12 (5743 turns).

Peloso the Blocker (Minotaur Fighter)               Turns: 5743, Time: 00:17:12

Health: -2/88      AC: 16    Str: 21    XL:     10   Next: 37%
Magic:  9/9        EV:  8    Int:  5    God:    Okawaru [**....]
Gold:   289        SH: 18    Dex: 15    Spells: 0 memorised, 9 levels left

rFire  . . .     SeeInvis .     s - +2 long sword (flame)
rCold  . . .     Gourm    .     r - +1 plate armour
rNeg   . . .     Faith    .     c - +0 shield
rPois  .         Spirit   .     (helmet restricted)
rElec  .         Dismiss  .     (no cloak)
rCorr  .         Reflect  +     (no gloves)
SustAt .         Harm     .     (no boots)
MR     +....                    e - +5 amulet of reflection
Stlth  ..........               j - ring of protection from magic
                                v - +2 ring of dexterity

@: somewhat resistant to hostile enchantments, extremely unstealthy
A: retaliatory headbutt, horns 2, icy blue scales 1, sturdy frame 1
a: Heroism, Renounce Religion


You were on level 8 of the Dungeon.
You worshipped Okawaru.
Okawaru was pleased with you.
You were very hungry.

You visited 2 branches of the dungeon, and saw 9 of its levels.

You collected 289 gold pieces.

Inventory:

Hand Weapons
 a - a +0 long sword
 s - a +2 long sword of flaming (weapon)
Armour
 c - a +0 shield (worn)
 r - a +1 plate armour (worn)
Jewellery
 e - a +5 amulet of reflection (around neck)
 j - a ring of protection from magic (right hand)
 v - a +2 ring of dexterity (left hand)
 x - a +1 ring of evasion
 F - an uncursed amulet of regeneration
 G - an uncursed ring of flight
Wands
 o - a wand of iceblast (3/15)
 E - a wand of paralysis (12/24)
Scrolls
 k - 4 scrolls of identify
 l - a scroll of remove curse
 q - a scroll of enchant weapon
 y - a scroll of teleportation
 B - a scroll of enchant armour
 D - a scroll of magic mapping
Potions
 d - a potion of might
 g - a potion of resistance
 h - a potion of heal wounds
 n - a potion of degeneration {unknown}
 p - 2 potions of curing
 w - 3 potions of flight {unknown}
 A - 2 potions of haste {unknown}
 C - a potion of agility {unknown}
Books
 b - a book of Clouds

   Spells                             Type                      Level
   a - Mephitic Cloud                 Conjuration/Poison/Air       3
   b - Conjure Flame                  Conjuration/Fire             3
   c - Poisonous Cloud                Conjuration/Poison/Air       6
   d - Freezing Cloud                 Conjuration/Ice/Air          6
   e - Ring of Flames                 Charms/Fire                  7
 z - a book of Conjurations

   Spells                             Type                      Level
   a - Magic Dart                     Conjuration                  1
   b - Searing Ray                    Conjuration                  2
   c - Dazzling Spray                 Conjuration/Hexes            3
   d - Fulminant Prism                Conjuration/Hexes            4
   e - Iskenderun's Mystic Blast      Conjuration                  4
   f - Iskenderun's Battlesphere      Conjuration/Charms           5
Comestibles
 f - 7 bread rations
 i - 2 beef jerkies
 m - a slice of pizza
 t - 9 fruits
 u - 4 meat rations


   Skills:
 + Level 8.1 Fighting
 + Level 9.1 Long Blades
 + Level 9.1 Armour
 + Level 3.7 Dodging
 + Level 11.7 Shields


You had 9 spell levels left.
You didn't know any spells.

Dungeon Overview and Level Annotations

Branches:
Dungeon (8/15)             Temple (1/1) D:6
   Lair: D:8-11

Altars:
Ashenzari
Cheibriados
Elyvilon
Gozag
Makhleb
Nemelex Xobeh
Okawaru
Pakellas
Qazlal
Sif Muna
Trog
Vehumet
Yredelemnul

Annotations:
D:8 Gastronok


Innate Abilities, Weirdness & Mutations

You reflexively headbutt those who attack you in melee.
You have a pair of horns on your head.
You are partially covered in icy blue scales (AC +1).
Your movements are slightly less encumbered by armour (ER -2).


Message History

You headbutt Gastronok, but do no damage.
Gastronok is heavily wounded.
You slash Gastronok! You burn Gastronok.
Gastronok is heavily wounded.
You feel yourself speed up. Gastronok bites you!
* * * LOW HITPOINT WARNING * * *
Unknown command.
You slash Gastronok! You burn Gastronok.
Gastronok is severely wounded.
Gastronok wobbles crazily.
Unknown command.
You hit Gastronok but do no damage.
Gastronok is severely wounded.
Unknown command.
You slash Gastronok! You burn Gastronok. You headbutt Gastronok!
Gastronok is severely wounded.
Gastronok waves his eye-stalks in wide circles.
The air twists around and strikes you!
You die...

#########.................##.....
..........#......................
..<...(.#.#................#.....
..........................##.###.
..........###....................
.........## ####.#.####..###..##
########.# ##..#......###.....
..#####..##..#.).........
........@w.........$...
#####.####.####....... # #.#
....... ... ....... ..... .......
....... ...>... ........! ####
#..........


You could see Gastronok.

Vanquished Creatures
  Erica (D:8)
  Pikel (D:4)
  Joseph (D:7)
  The ghost of Snowbuddha the Skirmisher, a novice DsCK of Xom (D:4)
  A two-headed ogre (D:5)
  7 spriggans
  A water moccasin (D:6)
  Purgy (D:4)
  An orc warrior (D:6)
  An ice beast (D:6)
  2 ogres (D:5)
  3 phantoms
  A centaur (D:6)
  5 giant frogs
  A water moccasin skeleton (D:7)
  A scorpion (D:6)
  5 howler monkeys
  4 crimson imps
  2 jellies (D:6)
  A giant frog zombie (D:6)
  A quasit (D:6)
  2 hounds (D:6)
  2 orc priests
  2 giant frog skeletons
  5 orc wizards
  4 worker ants
  8 adders
  A worm (D:2)
  4 dart slugs
  5 giant geckos
  13 orcs
  6 giant cockroaches
  10 goblins
  8 hobgoblins
  8 jackals
  2 quokkas
  4 bats
  3 giant newts
  A jackal skeleton (D:6)
  8 kobolds
  14 rats
152 creatures vanquished.

Vanquished Creatures (others)
  A sky beast (D:6)
  A slave (D:4)
  A giant frog skeleton (D:4)
  An orc (D:4)
  A ball python (D:4)
5 creatures vanquished.

Grand Total: 157 creatures vanquished

Notes
Turn   | Place    | Note
--------------------------------------------------------------
     0 | D:1      | Peloso the Minotaur Fighter began the quest for the Orb.
     0 | D:1      | Reached XP level 1. HP: 19/19 MP: 0/0
   117 | D:1      | Reached XP level 2. HP: 19/27 MP: 1/1
   477 | D:1      | Reached XP level 3. HP: 33/33 MP: 2/2
   847 | D:2      | Reached skill level 4 in Shields
  1243 | D:2      | Reached XP level 4. HP: 35/40 MP: 3/3
  1489 | D:3      | Found a stormy altar of Qazlal.
  1998 | D:3      | Found a faded altar to an unknown god.
  2346 | D:4      | Noticed Purgy
  2356 | D:4      | Killed Purgy
  2356 | D:4      | Reached skill level 1 in Dodging
  2356 | D:4      | Reached skill level 5 in Shields
  2356 | D:4      | Reached XP level 5. HP: 44/47 MP: 4/4
  2357 | D:4      | Noticed Snowbuddha's ghost (novice DsCK)
  2371 | D:4      | Killed Snowbuddha's ghost
  2371 | D:4      | Reached skill level 5 in Fighting
  2371 | D:4      | Reached skill level 5 in Armour
  2371 | D:4      | Reached skill level 6 in Shields
  2371 | D:4      | Reached XP level 6. HP: 16/56 MP: 5/5
  2371 | D:4      | Reached XP level 7. HP: 17/61 MP: 6/6
  2708 | D:4      | Noticed Pikel
  2733 | D:4      | Killed Pikel
  2733 | D:4      | Reached skill level 5 in Long Blades
  2733 | D:4      | Reached skill level 7 in Shields
  2852 | D:4      | Reached XP level 8. HP: 67/70 MP: 7/7
  3193 | D:5      | Entered Level 5 of the Dungeon
  3479 | D:5      | Noticed a two-headed ogre
  3484 | D:5      | Killed a two-headed ogre
  3484 | D:5      | Reached skill level 8 in Shields
  3506 | D:5      | Gained mutation: You are partially covered in icy blue scales (AC +1). [potion of beneficial mutation]
  3507 | D:5      | Gained mutation: Your movements are slightly less encumbered by armour (ER -2). [potion of beneficial mutation]
  3803 | D:5      | Got a jewelled ring mail
  3821 | D:5      | Identified the +0 ring mail of Hadjma {rC+} (You found it on level 5 of the Dungeon)
  4061 | D:6      | Reached XP level 9. HP: 74/79 MP: 8/8
  4123 | D:6      | Reached skill level 9 in Shields
  4329 | D:6      | Reached skill level 10 in Shields
  4456 | D:6      | Found a staircase to the Ecumenical Temple.
  4492 | Temple   | Entered the Ecumenical Temple
  4531 | Temple   | Became a worshipper of Warmaster Okawaru
  5011 | D:7      | Reached * piety under Okawaru
  5044 | D:7      | Noticed Joseph
  5054 | D:7      | Killed Joseph
  5054 | D:7      | Reached skill level 11 in Shields
  5054 | D:7      | Reached XP level 10. HP: 76/88 MP: 9/9
  5397 | D:7      | Found a burning altar of Makhleb.
  5681 | D:8      | Noticed Erica
  5685 | D:8      | Noticed Gastronok
  5718 | D:8      | Killed Erica
  5718 | D:8      | Reached ** piety under Okawaru
  5743 | D:8      | Killed from afar by Gastronok

Skill      XL: |  1  2  3  4  5  6  7  8  9 10 |
---------------+-------------------------------+-----
Armour         | 4 5 6 7 8 9 |  9.1
Fighting       | 4 5 7 8 |  8.1
Shields        | 4 5 6 7 8 11 | 11.7
Long Blades    | 3 4 5 7 8 9 |  9.1
Dodging        | 1 2 3 |  3.7

Action                   |  1- 3 |  4- 6 |  7- 9 | 10-12 || total
-------------------------+-------+-------+-------+-------++-------
Melee: Long sword        |   123 |    67 |   283 |    78 ||   551
       Headbutt          |    15 |    11 |    60 |    22 ||   108
Invok: Heroism           |       |       |       |     1 ||     1
  Use: Scroll            |       |    10 |     4 |     4 ||    18
       Potion            |       |       |     2 |     1 ||     3
  Eat: Chunk             |     1 |     3 |    10 |     1 ||    15
Armor: Scale mail        |    25 |       |       |       ||    25
       Plate armour      |    57 |    39 |    76 |    49 ||   221
Dodge: Dodged            |    30 |    11 |    38 |    12 ||    91
Block: Shield            |    72 |    40 |   193 |    89 ||   394
       Reflection        |       |     2 |     8 |       ||    10
